 Dungeon Crawl Stone Soup version 0.25.1-2-g60ff931df9 (webtiles) character file.

Game seed: 15450347793705359986

30 DogServant the Ruffian (level 3, -1/32 HPs)
             Began as a Naga Transmuter on Oct 18, 2020.
             Slain by a hobgoblin
             ... wielding a +0 club
              (4 damage)
             ... on level 2 of the Dungeon.
             The game lasted 00:01:16 (1199 turns).

DogServant the Ruffian (Naga Transmuter)            Turns: 1199, Time: 00:01:17

Health: -1/32      AC:  2    Str: 13    XL:     3   Next: 20%
Magic:  6/6        EV: 10    Int: 13    God:
Gold:   75         SH:  0    Dex: 11    Spells: 3/6 levels left

rFire    . . .     SeeInvis +     - Unarmed
rCold    . . .     Gourm    .   (no shield)
rNeg     . . .     Faith    .   b - +0 robe
rPois    +         Spirit   .   (no helmet)
rElec    .         Reflect  .   (no cloak)
rCorr    .         Harm     .   (no gloves)
MR       .....                  (no barding)
Stlth    +.........             (no amulet)
HPRegen  0.10/turn              (no ring)
MPRegen  0.10/turn              (no ring)

@: short of breath, appendage (expiring), very slow
A: large, horns 2, see invisible, deformed body, poison resistance, slowness 2,
slow metabolism 1, spit poison 1, AC +1
a: Spit Poison, End Transformation


You were on level 2 of the Dungeon.
You were hungry.
You had grown temporary horns.
You visited 1 branch of the dungeon, and saw 2 of its levels.

You collected 75 gold pieces.

Inventory:

Missiles
 a - 12 arrows
Armour
 b - a +0 robe (worn)
Jewellery
 i - a cursed -4 ring of strength {unknown}
Scrolls
 c - a scroll of remove curse {unknown}
 f - 2 scrolls of random uselessness {unknown}
 h - a scroll of fog {unknown}
 j - a scroll of identify {unknown}
Potions
 e - a potion of magic {unknown}
 g - a potion of might {unknown}
 k - a potion of stabbing {unknown}
Comestibles
 d - 3 rations


   Skills:
 - Level 2.1 Fighting
 - Level 1.5 Dodging
 + Level 3.6 Unarmed Combat
 - Level 2.0 Spellcasting
 + Level 2.1 Transmutations


You had 3 spell levels left.
You knew the following spells:

 Your Spells              Type           Power        Failure   Level  Hunger
a - Beastly Appendage     Tmut           #.....       11%         1    ##.....
b - Sticks to Snakes      Tmut           #.......     16%         2    ###....

Your spell library contained the following spells:

 Spells                   Type           Power        Failure   Level  Hunger
 Spider Form              Tmut/Pois      #.........   45%         3    ####...
 Ice Form                 Ice/Tmut       #.......     86%         4    #####..
 Blade Hands              Tmut           #.........   96%         5    ######.


Dungeon Overview and Level Annotations

Branches:
Dungeon (2/15)

Altars:


Innate Abilities, Weirdness & Mutations

You cannot wear boots.
Your serpentine skin is tough. (AC +1)
You have supernaturally acute eyesight. (SInv)
Armour fits poorly on your strangely shaped body.
Your system is resistant to poisons. (rPois)
You cover ground very slowly.
You have a slow metabolism.
You can spit poison.
You have a pair of horns on your head.


Message History

You closely miss the adder.
You headbutt the adder, but do no damage.
The adder is heavily wounded.
The adder bites you.
* * * LOW HITPOINT WARNING * * *
The hobgoblin hits you but does no damage.
You closely miss the adder.
The adder is heavily wounded.
The adder bites you but does no damage.
You hit the adder.
The adder is severely wounded.
The hobgoblin barely misses you. The adder bites you but does no damage.
You hit the adder.
The adder is severely wounded.
The adder barely misses you.
The hobgoblin hits you but does no damage.
You barely miss the adder.
The adder is severely wounded.
The adder barely misses you. The hobgoblin hits you with a +0 club.
You die...

##+##
##...##
##..<..##
#....@..#
#.....gS..#
+.........+
#.........#
##.......##
##.....##
##...##
##+##


You could see an adder and a hobgoblin.

Vanquished Creatures
  3 dart slugs (D:1)
  2 leopard geckos (D:1)
  3 bats (D:1)
  A giant cockroach (D:1)
  3 goblins (D:1)
  2 hobgoblins (D:1)
  2 jackals (D:1)
  2 kobolds (D:1)
  2 frilled lizards (D:1)
  A rat (D:1)
21 creatures vanquished.

Notes
Turn   | Place    | Note
-------+----------+-------------------------------------------
     0 | D:1      | DogServant the Naga Transmuter began the quest for the Orb.
     0 | D:1      | Reached XP level 1. HP: 18/18 MP: 3/3
   314 | D:1      | Reached XP level 2. HP: 25/25 MP: 5/5
   619 | D:1      | Reached XP level 3. HP: 13/32 MP: 6/6
   623 | D:1      | Learned a level 2 spell: Sticks to Snakes
  1199 | D:2      | Slain by a hobgoblin

Illustrated notes

Levels and vault maps discovered:
D:1:      minmay_arrival_pointy, layout_rooms
D:2:      layout_loops_corners, lemuel_crystal_altar, lemuel_doored_altar,
          grunt_temple_overflow_open

Skill      XL: |  1  2 |
---------------+-------+-----
Fighting       | 2 |  2.1
Dodging        | |  1.5
Unarmed Combat | |  3.6
Spellcasting   | |  2.0
Transmutations | |  2.1

Action                   || total
-------------------------++-------
Melee: Unarmed           ||    68
       Headbutt          ||     5
 Cast: Beastly Appendage ||     6
 Abil: Spit Poison       ||     7
Armor: Robe              ||    21
Dodge: Dodged            ||    46
